 Dungeon Crawl Stone Soup version 0.31-a0-1616-gbeaec30b81 (webtiles) character file.

Game seed: 17726382017053059231

3251 Newt the Cleaver (level 9, -6/65 HPs)
             Began as a Demonspawn Gladiator on Jan 10, 2024.
             Was an Initiate of Okawaru.
             Mangled by a two-headed ogre
             ... wielding a +0 giant spiked club
              (8 damage)
             ... on level 7 of the Dungeon.
             The game lasted 00:08:26 (8844 turns).

Newt the Cleaver (Demonspawn Gladiator)             Turns: 8844, Time: 00:08:26

Health: -6/65      AC:  4    Str: 19    XL:     9   Next: 67%
Magic:  9/9        EV: 16    Int: 14    God:    Okawaru [......]
Gold:   203        SH:  0    Dex: 15    Spells: 8/8 levels left

rFire   . . .        q - +1 war axe (venom)
rCold   . . .        (no shield)
rNeg    . . .        b - +1 leather armour
rPois   .            c - melded +0 helmet
rElec   .            (cloak currently unavailable)
rCorr   .            (gloves currently unavailable)
SInv    .            (boots currently unavailable)
Will    .....        g - amulet of magic regeneration
Stlth   +            n - +6 ring of intelligence
HPRegen 0.30/turn    (no ring)
MPRegen 0.62/turn

%: no passive effects
@: beast-form
A: beast (slay +4), antennae 2, repulsion field 1, ignite blood 1, magic
regeneration
a: Begin Untransformation, Renounce Religion


You were on level 7 of the Dungeon.
You worshipped Okawaru.
Okawaru was noncommittal.
You were a hulking beast.
You visited 2 branches of the dungeon, and saw 9 of its levels.
You also visited: Sewer.

You collected 333 gold pieces.
You spent 130 gold pieces at shops.

Inventory:

Hand Weapons
 a - a +0 rapier
 k - a +0 broad axe
 q - a +1 war axe of venom (weapon)
Missiles
 e - a javelin
 A - 3 poisoned darts (quivered)
Armour
 b - a +1 leather armour (worn)
 c - a +0 helmet (melded)
 z - a scarf of repulsion
Jewellery
 g - an amulet of magic regeneration (around neck)
 n - a +6 ring of intelligence (left hand)
Talismans
 i - a beast talisman (active)
Wands
 d - a wand of flame (31)
 f - a wand of charming (13)
 p - a wand of roots (6)
Scrolls
 h - 5 scrolls of revelation
 j - 2 scrolls of enchant armour
 l - 2 scrolls of teleportation
 r - 2 scrolls of amnesia
 t - a scroll of immolation
 u - a scroll of summoning {unknown}
 y - a scroll of identify
Potions
 m - a potion of mutation
 o - a potion of lignification {unknown}
 s - a potion of attraction
 v - a potion of invisibility
 w - 3 potions of heal wounds {unknown}
 x - a potion of brilliance {unknown}


   Skills:
 - Level 4.0 Fighting
 - Level 2.6 Short Blades
 - Level 8.0 Axes
 - Level 1.7 Throwing
 + Level 5.5 Dodging
 - Level 7.0 Shapeshifting


You had 8 spell levels left.
You didn't know any spells.
Your spell library contained the following spells:

 Spells                   Type           Power      Damage    Failure   Level
 Kiss of Death            Conj/Necr      0%         2d5       34%         1
 Sandblast                Erth           0%         2d4       34%         1
 Confusing Touch          Hex            0%         N/A       71%         3
 Ozocubu's Armour         Ice            0%         N/A       71%         3
 Passwall                 Erth           0%         N/A       71%         3
 Stone Arrow              Conj/Erth      0%         3d7       71%         3
 Brom's Barrelling Bould  Conj/Erth      0%         2d3       98%         4
 Dispel Undead            Necr           0%         3d6       98%         4
 Metabolic Englaciation   Hex/Ice        0%         N/A       100%        5
 Lehudib's Crystal Spear  Conj/Erth      0%         10d2      100%        8
 Animate Armour           Summ/Erth      Unusable   N/A       N/A         4
 Sculpt Simulacrum        Ice/Alch       Unusable   N/A       N/A         6
 Malign Gateway           Summ/Tloc      Unusable   N/A       N/A         7
 Summon Horrible Things   Summ           Unusable   N/A       N/A         8

Dungeon Overview and Level Annotations

Branches:
Dungeon (8/15)             Temple (1/1) D:7           Sewer (visited)
   Lair: D:8-11

Altars:
Ashenzari
Dithmenos
Fedhas
Gozag
Hepliaklqana
Kikubaaqudgha
Makhleb
Nemelex Xobeh
Okawaru
Qazlal
Ru
Sif Muna
Trog
Uskayaw
Vehumet
Wu Jian
Xom

Shops:
D:3 (


Innate Abilities, Weirdness & Mutations

You are a hulking beast.
Your limbs bulge with bestial killing power. (Slay +4)
You have a pair of antennae on your head.
You are surrounded by a mild repulsion field. (EV +2)
Your demonic aura sometimes causes spilled blood to erupt in flames.
You regenerate magic rapidly.


Message History

HP restored.
You climb downwards.
The two-headed ogre hits you with a +0 giant spiked club!
The two-headed ogre hits you with a +0 giant club!
The centaur shoots an arrow.
The arrow hits you!
* * * LOW HITPOINT WARNING * * *
There is a stone staircase leading up, spattered with blood here.
Unknown command.
The two-headed ogre misses you.
The two-headed ogre completely misses you.
The centaur shoots an arrow.
The arrow misses you.
You climb upwards.
There is a stone staircase leading down here.
Unknown command.
Okay, then.
You hit the two-headed ogre.
The two-headed ogre is poisoned.
The two-headed ogre is lightly wounded.
The two-headed ogre barely misses you. x2
You slash the two-headed ogre!
The two-headed ogre looks as sick as possible!
The two-headed ogre is moderately wounded.
The two-headed ogre hits you with a +0 giant spiked club!!
* * * LOW HITPOINT WARNING * * *
The two-headed ogre completely misses you.
Blink to where?
Press: ? - help, Dir - move target
As you read the scroll of blinking, it crumbles to dust.
Aiming: Fastroot
Press: ? - help, Shift-Dir - straight line, f - two-headed ogre
Aim: a two-headed ogre, wielding a +0 giant spiked club and a +0 giant club (moderately wounded, extremely poisoned)
The roots erupt in riotous growth!
Roots grab the two-headed ogre.
The grasping roots constrict the two-headed ogre.
The two-headed ogre escapes!
You slash the two-headed ogre!
The two-headed ogre looks as sick as possible!
The two-headed ogre is heavily wounded.
The two-headed ogre barely misses you.
The two-headed ogre hits you with a +0 giant club!
You die...

###.#.#.#####
##...........#
####......#.###.#
#..........## #.#
#.##......## #.#
#.###...### #.#
#.# ##.## #.# #.#
#.# #.# #h####.#
#.# #.O.>..# #.#
######## #.##
#... ####


You could see a two-headed ogre (extremely poisoned).

Vanquished Creatures
  A two-headed ogre (D:6)
  A wyvern (D:7)
  A steam dragon (D:8)
  2 water moccasins
  3 black bears
  An ice beast (D:6)
  A crocodile (Sewer)
  An ogre (D:4)
  A centaur (D:7)
  A phantom (D:5)
  A kobold brigand (D:7)
  Blork the orc (D:6)
  6 bullfrogs (D:7)
  2 scorpions (D:6)
  A crimson imp (D:6)
  3 hounds
  3 orc priests
  Jessica (D:2)
  3 iguanas
  6 sleepcaps
  2 orc wizards (D:6)
  Robin (D:2)
  8 gnolls
  9 adders
  3 river rats (D:3)
  4 ufetubi
  2 ribbon worms
  16 orcs
  4 ball pythons
  2 bats
  9 endoplasms
  4 giant cockroaches
  11 goblins
  18 hobgoblins
  9 jackals
  2 quokkas
  2 frilled lizards
  13 kobolds
  7 rats
166 creatures vanquished.

Notes
Turn   | Place    | Note
-------+----------+-------------------------------------------
     0 | D:1      | Newt the Demonspawn Gladiator began the quest for the Orb.
     0 | D:1      | Reached XP level 1. HP: 16/16 MP: 1/1
   241 | D:1      | Gained mutation: You are surrounded by a mild repulsion
                  | field. (EV +2) [demonic ancestry]
   241 | D:1      | Reached XP level 2. HP: 23/23 MP: 2/2
   709 | D:1      | Reached XP level 3. HP: 29/29 MP: 3/3
   831 | D:2      | Noticed Jessica
   847 | D:2      | HP: 1/29 [Jessica/nerve-wracking pain (14)]
   848 | D:2      | Killed Jessica
  1210 | D:2      | Reached skill level 1 in Shapeshifting
  1229 | D:2      | Noticed Robin
  1251 | D:1      | Reached XP level 4. HP: 9/37 MP: 4/4
  1587 | D:2      | Killed Robin
  2238 | D:3      | Found a glowing drain.
  2243 | D:3      | Gained mutation: You regenerate magic rapidly. [demonic
                  | ancestry]
  2243 | D:3      | Reached XP level 5. HP: 26/42 MP: 5/5
  2252 | Sewer    | Entered a sewer
  2356 | Sewer    | Noticed a crocodile
  2370 | Sewer    | Killed a crocodile
  2831 | D:3      | Found Deym's Antique Weapon Emporium.
  2840 | D:3      | Bought a runed war axe for 130 gold pieces
  3479 | D:4      | Gained mutation: You have a pair of small antennae on your
                  | head. [demonic ancestry]
  3479 | D:4      | Reached XP level 6. HP: 43/48 MP: 6/6
  4819 | D:5      | Entered Level 5 of the Dungeon
  4833 | D:4      | Reached skill level 5 in Shapeshifting
  5040 | D:5      | Reached XP level 7. HP: 28/54 MP: 7/7
  5232 | D:5      | Found a shadowy altar of Dithmenos.
  5743 | D:6      | Noticed Blork the orc
  5744 | D:6      | Reached skill level 1 in Axes
  5744 | D:6      | Gained mutation: Your demonic aura sometimes causes spilled
                  | blood to erupt in flames. [demonic ancestry]
  5744 | D:6      | Reached XP level 8. HP: 59/60 MP: 8/8
  5744 | D:6      | Noticed a two-headed ogre
  5753 | D:6      | Killed a two-headed ogre
  5754 | D:6      | Reached skill level 5 in Axes
  5755 | D:6      | Killed Blork the orc
  6094 | D:6      | Reached skill level 6 in Axes
  6525 | D:6      | Gained mutation: You have a pair of antennae on your head.
                  | [demonic ancestry]
  6525 | D:6      | Reached XP level 9. HP: 45/65 MP: 9/9
  7057 | D:6      | Found a burning altar of Makhleb.
  7103 | D:6      | Found a radiant altar of Vehumet.
  7150 | D:7      | Reached skill level 7 in Axes
  7546 | D:7      | Reached skill level 8 in Axes
  8070 | D:7      | Found a sacrificial altar of Ru.
  8073 | D:7      | Found a stormy altar of Qazlal.
  8124 | D:7      | Found a staircase to the Ecumenical Temple.
  8184 | Temple   | Entered the Ecumenical Temple
  8198 | Temple   | Became a worshipper of Warmaster Okawaru
  8438 | D:7      | Reached skill level 5 in Dodging
  8788 | D:8      | Noticed a two-headed ogre
  8841 | D:7      | HP: 1/65 [two-headed ogre/+0 giant spiked club (19)]
  8844 | D:7      | Mangled by a two-headed ogre

Illustrated notes

Levels and vault maps discovered:
D:1:      dpeg_cavernosity, layout_basic
D:2:      layout_basic, uniq_robin, uniq_jessica
D:3:      layout_basic, portal_sewer_entry_e, serial_shops, shop
D:4:      minmay_angry_zag, layout_loops_corners, mainiacjoe_overflow_24_doors,
          sigmund_army
D:5:      layout_rooms, grunt_dithmenos_shadows
D:6:      layout_basic, grunt_temple_overflow_lords_of_destruction,
          uniq_blork_the_orc
D:7:      layout_loops_ring, jmf_multi_god_temple2, temple_doors_e
D:8:      layout_cave_pools, cheibriados_altar_1, zin_scriptorium,
          nicolae_yredelemnul_corpse_copse, special_room [special_room_orc],
          serial_shops, shop
Temple:   nicolae_temple_figure_eight

Skill      XL: |  1  2  3  4  5  6  7  8  9 |
---------------+----------------------------+-----
Fighting       | 3 4 |  4.0
Shapeshifting  | 1 2 3 5 7 |  7.0
Axes           | 1 6 8 |  8.0
Dodging        | 5 |  5.5
Short Blades   | |  2.6
Throwing       | |  1.7

Action                     |  1- 3 |  4- 6 |  7- 9 || total
---------------------------+-------+-------+-------++-------
  Melee: Rapier            |    83 |       |       ||    83
         Broad axe         |     5 |    96 |       ||   101
         Punch             |       |     3 |     5 ||     8
         War axe           |       |    75 |   188 ||   263
  Throw: Throwing net      |     1 |     4 |     1 ||     6
         Javelin           |       |     2 |       ||     2
  Evoke: Wand              |       |       |     1 ||     1
    Use: Scroll            |     2 |     8 |     4 ||    14
         Potion            |       |     1 |     3 ||     4
   Stab: Sleeping          |     7 |       |       ||     7
 Armour: Leather armour    |    45 |   112 |   164 ||   321
  Dodge: Dodged            |    70 |   190 |   170 ||   430
   Form: Beast             |       |     1 |       ||     1

Table legend: (Time is in decaauts)
 A = Elapsed time spent in this place.
 B = Non-inter-level travel time spent in this place.
 C = Inter-level travel time spent in this place.
 D = Time resting spent in this place.
 E = Time spent auto-exploring this place.
 F = Levels seen in this place.
 G = Mean time per level.
                   A        B        C        D        E       F      G
               +--------+--------+--------+--------+--------+-----+--------+
         Total |   9007 |   8780 |    227 |   2421 |   5060 |  10 |  900.7 |
       Dungeon |   8689 |   8483 |    206 |   2278 |   4972 |   8 | 1086.1 |
        Temple |     26 |      5 |     21 |      0 |      0 |   1 |   26.0 |
         Sewer |    290 |    290 |      0 |    143 |     88 |   1 |  290.0 |
               +--------+--------+--------+--------+--------+-----+--------+

Top non-repeatable levels by time:
     D:7: 1675 daAuts
     D:4: 1608 daAuts
     D:6: 1499 daAuts
     D:3: 1109 daAuts
     D:2: 1052 daAuts
     D:1: 1024 daAuts
     D:5: 699 daAuts
   Sewer: 290 daAuts
  Temple: 26 daAuts
     D:8: 21 daAuts
